Cogmind - Beta 14 @@@ ROGUE MODE // 2025.03.05 @ 20:24:50 Player: Cog on my mind Result: Destroyed by as-52664 with Assembled Blade Performance ------------- Evolutions (0) 0 Regions Visited (4) 800 Robots Destroyed (32) 160 Value Destroyed (620) 620 Prototype IDs (6) 120 Alien Tech Used (0) 0 Bonus (-49) -49 TOTAL SCORE: 1651 Bonus ------- Follower Combat Kills 32 Friendly Fire -81 Cogmind --------- Core Integrity 0/250 Matter 270/300 Energy 250/250 System Corruption 0% Temperature Cool (20) Movement Rolling (115) Ox1 Location -9/Mines Parts ------- > --- POWER (1) -------- Ion Engine > --- PROPULSION (2) --- Compact Wheel > --- UTILITY (2) ------ Large Storage Unit Sensor Array > --- WEAPON (2) ------- Mini Grenade Launcher > --- INVENTORY (15) --- Combat Airjet Huge Storage Unit High-capacity Matter Pod (200) Hardened Light Armor Plating Hacking Suite Authchip [R/Combat] Authchip [R/Combat] Assault Rifle Light Assault Rifle Peak State ------------ > --- POWER ------------ Ion Engine > --- PROPULSION ------- Light Treads Wheel > --- UTILITY ---------- Large Storage Unit Seismic Detector > --- WEAPON ----------- EM Pulse Gun EM Pulse Gun > --- INVENTORY -------- Compact Wheel Huge Storage Unit High-capacity Matter Pod Sensor Array Hardened Light Armor Plating Hacking Suite Authchip [R/Combat] Authchip [R/Combat] EM Pulse Gun Assault Rifle Light Assault Rifle [Rating: 9] Favorites ----------- Power Ion Engine Engine Ion Engine Propulsion Light Treads Treads Light Treads Wheel Wheel Utility Seismic Detector Device Seismic Detector Storage Large Storage Unit Weapon EM Pulse Gun Energy Gun EM Pulse Gun Ballistic Gun Light Assault Rifle Launcher Mini Grenade Launcher Build | -11 -10 -10 -10 -9 ------- Run | Yrd Mat Min Exi Min Slots Evolved . | . . . . . Power . | . . . . . Propulsion . | . . . . . Utility . | . . . . . Weapon . | . . . . . Parts Attached 30 | 7 18 . . 5 Power 6 | 1 5 . . . Engine 6 | 1 5 . . . Core . | . . . . . Reactor . | . . . . . Propulsion 7 | 2 4 . . 1 Treads 5 | 2 3 . . . Leg . | . . . . . Wheel 2 | . 1 . . 1 Hover . | . . . . . Flight . | . . . . . Utility 5 | 2 2 . . 1 Device 3 | 1 1 . . 1 Storage 2 | 1 1 . . . Processor . | . . . . . Hackware . | . . . . . Protection . | . . . . . Artifact . | . . . . . Weapon 12 | 2 7 . . 3 Energy Gun 3 | . 2 . . 1 Energy Cannon . | . . . . . Ballistic Gun 8 | 2 5 . . 1 Ballistic Cannon . | . . . . . Launcher 1 | . . . . 1 Special Weapon . | . . . . . Impact Weapon . | . . . . . Slashing Weapon . | . . . . . Piercing Weapon . | . . . . . Special Melee Weapon . | . . . . . Unidentified Prototypes . | . . . . . Parts Lost 9 | . 3 . . 6 Power . | . . . . . Propulsion 4 | . 2 . . 2 Utility 1 | . . . . 1 Weapon 4 | . 1 . . 3 Highest Loss Streak 3 | . 1 . . 3 To Critical Strikes . | . . . . . Average Slot Usage (%) 96 | . 91 100 100 99 Engine 12 | . 11 14 14 14 Treads 14 | . 16 14 14 13 Wheel 11 | . 9 14 14 14 Device 14 | . 14 14 14 14 Storage 14 | . 14 14 14 14 Energy Gun 23 | . 17 28 28 25 Ballistic Gun 3 | . 7 . . 1 Peak Build Rating 9 | 7 8 8 8 9 Average Rating 7 | 4 7 8 8 8 On Entrance 6 | . 7 8 8 8 Naked Turns . | . . . . . Heaviest Build 30 | 14 30 30 30 30 Greatest Support 40 | 40 40 10 10 16 Greatest Overweight (x) 2 | . 2 2 2 2 Average Overweight (x) 1 | . 1 2 2 1 Largest Inventory Capacity 15 | 8 15 15 15 15 Average Capacity 13 | 6 10 15 15 15 Most Carried 11 | . 10 10 10 11 Average Carried 7 | . 5 10 10 9 Final Capacity 15 | 8 15 15 15 15 Final Carried 10 | . 10 10 10 9 Class Distribution -------------------- 100% | Mutant Dominant Class ---------------- Mutant | -10/Materials Mutant | -10/Mines Mutant | -10/Exiles Mutant | -9/Mines Resources | -11 -10 -10 -10 -9 ----------- Run | Yrd Mat Min Exi Min Matter Collected 762 | 278 389 56 . 39 Remotely . | . . . . . Salvage Created 880 | 25 645 53 . 157 Parts 64 | 3 43 5 . 13 Haulers Intercepted 2 | . 2 . . . Recyclers Shooed 1 | . 1 . . . Parts Field Recycled . | . . . . . Retrieved Matter . | . . . . . Parts Self-Destructed . | . . . . . Prevented . | . . . . . Kills | -11 -10 -10 -10 -9 ------- Run | Yrd Mat Min Exi Min Combat Hostiles Destroyed 23 | . 11 2 . 10 Guns 18 | . 10 1 . 7 AOE 5 | . 1 1 . 3 Classes Destroyed 9 | 1 6 . . 2 Builder 2 | . 2 . . . Tunneler 2 | 1 . 1 . . Hauler 2 | . 2 . . . Operator 1 | . 1 . . . Watcher 3 | . 3 . . . Swarmer 13 | . 3 2 . 8 Grunt 8 | . 8 . . . Duelist 1 | . . . . 1 Assembled 1 | . . . . 1 Best Kill Streak 4 | 1 3 3 . 4 Combat Bots Only 4 | . 3 2 . 4 Max Kills in Single Turn 2 | 1 1 2 . 2 Gunslinging 1 | . . . . 1 Exploded 1 | . 1 1 . 1 Melee . | . . . . . Uniques/NPCs Destroyed . | . . . . . Combat | -11 -10 -10 -10 -9 -------- Run | Yrd Mat Min Exi Min Hostile Shots Fired 105 | . 56 12 . 37 Missed 29 | . 15 6 . 8 Damage Taken 1111 | . 584 51 . 476 Core 250 | . 77 18 . 155 Absorbed by Shields . | . . . . . Core Remaining (%) 100 | 100 . . . . Volleys Fired 99 | 2 80 5 . 12 Largest 2 | 2 2 2 . 2 Hottest 80 | 40 80 80 . 80 Shots Fired 138 | 4 103 10 . 21 Gun 136 | 4 103 10 . 19 Cannon . | . . . . . Launcher 2 | . . . . 2 Special . | . . . . . Kinetic 67 | 4 60 . . 3 Thermal . | . . . . . Explosive 2 | . . . . 2 Electromagnetic 69 | . 43 10 . 16 Robot Hit Streak 12 | 4 12 5 . 9 Robot Miss Streak 5 | . 4 5 . 1 Penetration Max . | . . . . . Secondary Targets 3 | . 1 . . 2 Max Gunslinging Chain 1 | . 1 . . 1 Shots Hit Robots 82 | 4 62 5 . 11 Core Hits 52 | 2 33 3 . 14 Critical Kills . | . . . . . Critical Parts Destroyed . | . . . . . Critical Strikes . | . . . . . Melee Attacks . | . . . . . Impact . | . . . . . Slashing . | . . . . . Piercing . | . . . . . Sneak Attacks . | . . . . . Combat Hostiles . | . . . . . Follow-up Attacks . | . . . . . Damage Inflicted 1355 | 41 797 115 . 402 Guns 976 | 41 734 61 . 140 Cannons . | . . . . . Explosions 379 | . 63 54 . 262 Melee . | . . . . . Ramming . | . . . . . Kinetic 414 | 41 362 . . 11 Thermal 282 | . 63 54 . 165 Explosive 97 | . . . . 97 Electromagnetic 562 | . 372 61 . 129 Impact . | . . . . . Slashing . | . . . . . Piercing . | . . . . . Highest Corruption . | . . . . . Average Corruption . | . . . . . Corruption Purged . | . . . . . Corruption Blocked . | . . . . . Overload Shots . | . . . . . Overflow Damage 38 | . 29 . . 9 Projectiles . | . . . . . Explosions 38 | . 29 . . 9 Melee . | . . . . . Knockbacks . | . . . . . Impact . | . . . . . Kinetic . | . . . . . Secondary . | . . . . . Self-Inflicted Damage 105 | . 38 . . 67 Shots 3 | . 1 . . 2 Rammed . | . . . . . Targets Rammed . | . . . . . Kicked . | . . . . . Crushed . | . . . . . Highest Temperature 97 | . 97 72 . 84 Average Temperature 25 | . 21 33 . 33 Received Heat Transfer 433 | . 303 . . 130 Siege Activations . | . . . . . Robots Corrupted . | . . . . . Combat Hostiles . | . . . . . Parts Fried 2 | . 2 . . . Impact Corruptions . | . . . . . Robots Melted . | . . . . . Combat Hostiles . | . . . . . Parts Melted 4 | . . . . 4 Heat Transferred 300 | . 100 . . 200 Parts Sabotaged . | . . . . . Parts Stolen . | . . . . . Parts Stripped . | . . . . . Power Chain Reactions 5 | . 2 1 . 2 Alert | -11 -10 -10 -10 -9 ------- Run | Yrd Mat Min Exi Min Peak Influence 281 | 5 247 136 . 281 Initial 48 | . 3 48 . . Average 94 | 2 119 61 . 103 Maximum Alert Level 1 | . 1 . . 1 Low Security (%) 93 | 100 90 100 . 89 Level 1 6 | . 9 . . 10 Level 2 . | . . . . . Level 3 . | . . . . . Level 4 . | . . . . . Level 5 . | . . . . . High Security . | . . . . . Max Security . | . . . . . Squads Dispatched . | . . . . . Investigation . | . . . . . Extermination . | . . . . . Reinforcement . | . . . . . Assault . | . . . . . Garrison . | . . . . . Intercept . | . . . . . Searches Triggered . | . . . . . Construction Impeded . | . . . . . Haulers Reinforced . | . . . . . Active Scanning Responses . | . . . . . Cargo Convoy Interrupts . | . . . . . Stealth | -11 -10 -10 -10 -9 --------- Run | Yrd Mat Min Exi Min Distress Signals 2 | . 2 . . . Communications Jammed . | . . . . . Distress Signals . | . . . . . Times Spotted 48 | . 22 3 . 23 Peak Tracking Total 10 | . 3 3 . 10 Tactical Retreats 3 | . 2 . . 1 Traps | -11 -10 -10 -10 -9 ------- Run | Yrd Mat Min Exi Min Traps Triggered 5 | . 5 . . . Indirectly . | . . . . . Trap Hack Attempts . | . . . . . Triggered . | . . . . . Disarmed . | . . . . . Reprogrammed . | . . . . . Reused . | . . . . . Traps Extracted . | . . . . . Installed . | . . . . . Triggered . | . . . . . Machines | -11 -10 -10 -10 -9 ---------- Run | Yrd Mat Min Exi Min Machines Disabled 4 | . 2 . . 2 Max in Single Turn 1 | . 1 . . 1 Machines Repaired . | . . . . . Machines Dismantled . | . . . . . Machines Sabotaged . | . . . . . Overloaded Fab Kills . | . . . . . Hacking | -11 -10 -10 -10 -9 --------- Run | Yrd Mat Min Exi Min Machines Accessed 9 | . 7 . 2 . Terminals 6 | . 6 . . . Fabricators . | . . . . . Repair Stations . | . . . . . Recycling Units 1 | . 1 . . . Scanalyzers . | . . . . . Garrison Access . | . . . . . Total Hacks 24 | . 22 . 2 . Successful 15 | . 13 . 2 . Failed 8 | . 8 . . . Catastrophic . | . . . . . Database Lockouts 1 | . 1 . . . Manual 9 | . 9 . . . Terminals 20 | . 20 . . . Fabricators . | . . . . . Repair Stations . | . . . . . Recycling Units 2 | . 2 . . . Scanalyzers . | . . . . . Garrison Access . | . . . . . Terminal Hacks 12 | . 10 . 2 . Record 2 | . . . 2 . Robot Analysis 3 | . 3 . . . Prototype ID Bank 4 | . 4 . . . Level Access Points 1 | . 1 . . . Terminal Index 1 | . 1 . . . Hauler Manifests 1 | . 1 . . . Fabricator Hacks . | . . . . . Repair Station Hacks . | . . . . . Recycling Unit Hacks . | . . . . . Scanalyzer . | . . . . . Garrison Access Hacks . | . . . . . Unauthorized Hacks 3 | . 3 . . . Terminals 3 | . 3 . . . Track 1 | . 1 . . . Botnet 2 | . 2 . . . Fabricators . | . . . . . Repair Stations . | . . . . . Recycling Units . | . . . . . Scanalyzers . | . . . . . Garrison Access . | . . . . . Data Cores Recovered 1 | . 1 . . . Used . | . . . . . Hacking Detections 7 | . 7 . . . Full Trace Events . | . . . . . Feedback Events . | . . . . . Feedback Blocked . | . . . . . Robot Schematics Acquired . | . . . . . Robots Built . | . . . . . Authchips . | . . . . . Time . | . . . . . Total Robot Build Rating . | . . . . . Part Schematics Acquired . | . . . . . Parts Built . | . . . . . Authchips . | . . . . . Time . | . . . . . Total Part Build Rating . | . . . . . Parts Repaired . | . . . . . Time . | . . . . . Parts Recycled . | . . . . . Recycled Matter . | . . . . . Retrieved Matter . | . . . . . Retrieved Components . | . . . . . Parts Scanalyzed . | . . . . . Part Schematics Acquired . | . . . . . Parts Damaged . | . . . . . Bothacking | -11 -10 -10 -10 -9 ------------ Run | Yrd Mat Min Exi Min Used RIF Installer . | . . . . . Robots Hacked . | . . . . . Non-combat . | . . . . . Combat . | . . . . . Robot Hacks Applied . | . . . . . Relay Couplers Released . | . . . . . Fabnet Peak Effective % . | . . . . . Robots Rewired . | . . . . . Allies Hacked . | . . . . . Hacks Repelled . | . . . . . Allies | -11 -10 -10 -10 -9 -------- Run | Yrd Mat Min Exi Min Total Allies 5 | . . 2 . 3 Largest Group 3 | . . 2 2 3 Highest-Rated Group 55 | . . 55 55 40 Highest-Rated Ally 31 | . . 31 31 16 Total Orders . | . . . . . Ally Attacks 33 | . . 3 . 30 Total Damage 323 | . . 22 . 301 Kills 3 | . . 1 . 2 Allies Corrupted . | . . . . . Allies Melted . | . . . . . Intel | -11 -10 -10 -10 -9 ------- Run | Yrd Mat Min Exi Min Robot Analysis Total 3 | . 3 . . . Derelict Logs Recovered 3 | . . 1 . 2 Drone Launches . | . . . . . Drone Recoveries . | . . . . . Exploration | -11 -10 -10 -10 -9 ------------- Run | Yrd Mat Min Exi Min Turns Passed 2928 | 83 1191 751 486 417 Spaces Moved 2228 | 46 791 630 442 319 Core 8 | 8 . . . . Treads 209 | 38 171 . . . Legs . | . . . . . Wheels 2011 | . 620 630 442 319 Hover . | . . . . . Flight . | . . . . . Fastest Speed 50 | 50 95 110 110 110 Average Speed 113 | 140 117 110 110 110 Slowest Speed 160 | 160 160 110 110 115 Overloaded Moves . | . . . . . Propulsion Burnouts . | . . . . . Robots Hopped . | . . . . . Cave-ins Triggered . | . . . . . Exploration Rate (%) 74 | 4 97 98 91 80 Regions Visited 4 Branch Regions 3 Pre-discovered Areas 4 | . . 2 . 2 Known Exits Taken . | . . . . . Unknown Exits Taken 4 | 1 1 1 1 . Scrap Searched 2 | . . 1 . 1 Spaces Dug . | . . . . . Terrain Destroyed 32 | . 5 5 . 22 Melee . | . . . . . Projectile . | . . . . . AOE 32 | . 5 5 . 22 Terrain Rammed . | . . . . . Walls Destroyed . | . . . . . Machines Disabled . | . . . . . Actions | -11 -10 -10 -10 -9 --------- Run | Yrd Mat Min Exi Min Total 2497 | 57 957 678 441 364 Wait 125 | 3 53 44 . 25 Move 2224 | 45 790 629 441 319 Hop . | . . . . . Pick Up 14 | . 12 . . 2 Fast Attach 21 | 7 13 . . 1 Attach 5 | . 1 . . 4 Detach 1 | . . . . 1 Swap 4 | . 4 . . . Drop 4 | . 4 . . . Fire 99 | 2 80 5 . 12 Melee . | . . . . . Ram . | . . . . . Kick . | . . . . . Crush . | . . . . . Escape Stasis . | . . . . . Rewire . | . . . . . Trap . | . . . . . Miscellaneous . | . . . . . Route ------- -11/Scrapyard -10/Materials (discovered 4 exits: *Mat x3 / [*Min]) -10/Mines (discovered 3 exits: *Mat x2 / *Exi) -10/Exiles (discovered 2 exits: [*Min x2]) -9/Mines (discovered 1 exit: [*Mat]) History --------- Turn | Location | Event 4 | -11/Scrapyard | Discovered new exit (range 15) 84 | -11/Scrapyard | Entered Materials 304 | -10/Materials | Build established: Mutant 394 | -10/Materials | Discovered new exit (range 6) 473 | -10/Materials | Central database locked down 473 | -10/Materials | Identified exit to Materials 1275 | -10/Materials | Entered Mines 1276 | -10/Mines | Learned location of Storage (-7) 1428 | -10/Mines | Learned location of Zion (-7) 1430 | -10/Mines | Discovered exit to Materials (range 9) 1485 | -10/Mines | Found a hidden stash of uninstalled traps 1512 | -10/Mines | Deemed a non-threat by the Exiles lab entrance 1512 | -10/Mines | Discovered new exit (range 5) 1825 | -10/Mines | Discovered exit to Materials (range 5) 2026 | -10/Mines | Entered Exiles 2026 | -10/Exiles | Found Exiles lab abandoned 2026 | -10/Exiles | Accompanied by 2 allies 2041 | -10/Exiles | Discovered new exit (range 15) 2056 | -10/Exiles | Led the pair of lost Derelicts to a safe place 2498 | -10/Exiles | Discovered new exit (range 14) 2512 | -10/Exiles | Entered Mines 2533 | -9/Mines | Assisted by bots powering up and referring to "LRC-V3" 2759 | -9/Mines | Discovered new exit (range 6) 2881 | -9/Mines | Assembled infested the area 2886 | -9/Mines | Assisted by a Guerilla fighting off Assembled 2908 | -9/Mines | Core integrity fell below 50% 2925 | -9/Mines | Core integrity fell below 20% 2929 | -9/Mines | Destroyed by as-52664 with Assembled Blade Last Messages --------------- (Destroy). 02911_ D-53 Grenadier destroyed. 02912_ The unstable cave ceiling collapses. 02914_ Acquired Cmb. Airjet. 02915_ HV Slug penetrates Wall. 02915_ as-23775 suffers critical hit (Destroy). 02915_ as-23775 destroyed. 02916_ Lgt. Treads destroyed. 02916_ Acquired Mni. Grenade Launcher. 02918_ EM Pulse Gun destroyed. 02918_ as-12245 suffers critical hit (Destroy). 02923_ as-09680 destroyed. 02924_ Wheel destroyed. 02925_ The unstable cave ceiling collapses. 02925_ HV Slug penetrates Earth. 02927_ HV Slug penetrates as-52664. 02927_ as-52664 knocked back. 02928_ 1X-ESE(h) system corrupted by crushing effect. 02929_ 1X-ESE(h) system terminally corrupted. Map ----- +----------------------------------------------------+ | ## #??????# #????###????????????????? | | ## #??????# ###### ##??????????????????????? | | # ##?????# #????# ##?????????????????????? | | #????## #????# """" ##????????????????????? | | #???## ##???# """" ##???????????????????? | | #??## #???# """" #???????????????????? | | ##??# ##???## #???????????????????? | | ##???# #?????## ### ##???????????????????? | | ###????# #??????## #??###????????????????????? | | #??????##%/##???????# #?????????????????????????? | | ????????####????????# #??????????#####??????????? | | #???????????????????# #?????????## ##?????????? | | ######??????????????# #????????## #?????????? | | ##?????????????# #???###### #?????????? | | #?????????????# ##### #??????????? | | #???########### ##??????????? | | #???# #### ? #???????????? | | " ##???# #??# ### #???????????? | | " ###?#### ###########??# ##?## ##???????????? | | " ##???# #???###?????# #???####????????????? | | #????# #???# ##??## ##??????????????????? | | ####### #???# ### ##?????????????????? | | ### < #???# #?????????????????? | | #?# #### #????# #?????????????????? | | #?# #??########????### #?????????????????? | | #?# #????????????????## @ #?????????????????? | | #?# #?????????????????# a #?????????????????? | | #?# #???????#####?????# %] #?????????????????? | | ??# #???????# ####### a= ##?????????????????? | | ### ######??### ## a % ##??????????????????? | | #??# # # % ##?????????????????? | | """ """ #??# # ! a #?????????????????? | | """ #??# % %! #????????????????? | | "" #?# ! % = ##????????????????? | | [ %= #?# ! %%= #??????????????? | | %= ## % %[ #????????????? | | ####"" "## # % #???????????? | | ???### ### # #??????????? | | ?????# #?## % # ?????????? | | ?????# #??### ######## ???????? | | #????# #????### %???????## ##??????? | | #?#### #??????# ????????## "# #???????? | | #?# #??????# ?????????## ##?# ???????? | | #?# #??????# ???????????#"#??? ????????? | | #?# ####??????? #????????????????? ????????? | | #?# #?????????? #?????????????????###??????????? | | ### #?????????? ???????????????????????????????? | | #???????????????????????????????????????????? | | ######???????????????????????????????????????????? | | #????????????????????????????????????????????????? | +----------------------------------------------------+ Best States ------------- Heat Dissipation 25 Energy Generation 10 Energy Capacity 250 Matter Stores 300 Matter Capacity 300 Sight Range 16 Robot Scan Range 14 Terrain Scan Density 10 Evasion (%) 41 Recoil Reduction 2 Authchip Count 2 Item Schematics ----------------- None Robot Schematics ------------------ None Fabricated ------------ Nothing Alien Tech Used ----------------- None Achievements -------------- None Challenges ------------ None Game ------ Seed ScrapoidDisassembledModule Manual? 0 Play Time 00:19:00 Cumulative 335.4 hours Start 2025.03.05 @ 19:31:46 End 2025.03.05 @ 20:24:50 Sessions 1 Manual Loads 0 Difficulty Rogue Special Mode None Game No. 76 Rogue 76 Adventurer 0 Explorer 0 Win Type - Total 20 Types 12/1/4/1/0/0/0/1/1 Lore% 79 Gallery% 83 Achievement% 76 Wizard Run 0 Options --------- Layout 1 ASCII 0 Keyboard 0 Movement Mouse Keybinds 0 Fullscreen 1 Font 24/Smallcaps Map View 50x35 Zoom Use 0% Tactical HUD 1 Map Filters NONE Filters NONE Steam 1 RUN: 0980305a-2a02-42b1-8e6e-59098871b3ea